 Dungeon Crawl Stone Soup version 0.32-a0-699-g1ee5eff69a (webtiles) character file.

Game seed: 11117419489382418187

1076 jestert79 the Summoner (level 8, -1/61 HPs)
             Began as a Barachi Summoner on Mar 13, 2024.
             Slain by Joseph
             ... wielding a +0 quarterstaff
              (7 damage)
             ... on level 7 of the Dungeon.
             The game lasted 00:16:19 (6923 turns).

jestert79 the Summoner (Barachi Summoner)           Turns: 6923, Time: 00:16:19

Health: -1/61      AC:  3    Str:  9    XL:     8   Next: 29%
Magic:  7/11       EV: 12    Int: 18    God:
Gold:   292        SH:  0    Dex: 13    Spells: 1/11 levels left

rFire   + + .        n - +1 dagger (venom)
rCold   . . .        (no shield)
rNeg    . . .        a - +0 robe
rPois   .            (no helmet)
rElec   .            (no cloak)
rCorr   .            f - +0 pair of gloves
SInv    .            (no boots)
Will    .....        (no amulet)
Stlth   ++           j - ring of protection from fire
HPRegen 0.30/turn    d - ring of protection from fire
MPRegen 0.12/turn

%: no passive effects
@: inugami summoned, slow
A: amphibious, slowness 1, strong legs 1, +LOS
a: Hop


You were on level 7 of the Dungeon.
You visited 1 branch of the dungeon, and saw 7 of its levels.

You collected 292 gold pieces.

Inventory:

Hand Weapons
 h - a +0 short sword
 n - a +1 dagger of venom (weapon)
Armour
 a - a +0 robe (worn)
 f - a +0 pair of gloves (worn)
Jewellery
 d - a ring of protection from fire (right hand)
 j - a ring of protection from fire (left hand)
Wands
 p - a wand of quicksilver (9)
 t - a wand of mindburst (8)
Scrolls
 e - a scroll of fog
 g - a scroll of teleportation
 m - a scroll of summoning
 r - a scroll of identify
 v - a scroll of revelation
Potions
 b - a potion of magic
 c - 2 potions of curing
 i - a potion of might
 k - a potion of brilliance {unknown}
 l - a potion of cancellation
 o - a potion of resistance
 q - a potion of degeneration
 s - 3 potions of mutation
 u - a potion of lignification
 w - a potion of heal wounds {unknown}


   Skills:
 + Level 4.4 Fighting
 - Level 2.9 Short Blades
 + Level 4.7 Dodging
 - Level 3.0 Stealth
 - Level 2.1 Spellcasting
 + Level 8.9 Summonings
 + Level 2.3 Fire Magic


You had one spell level left.
You knew the following spells:

 Your Spells              Type           Power      Damage    Failure   Level
a - Summon Small Mammal   Summ           100%       N/A       1%          1
b - Call Imp              Summ           68%        N/A       1%          2
c - Call Canine Familiar  Summ           34%        N/A       1%          3
d - Summon Blazeheart Go  Fire/Summ      22%        N/A       17%         4

Your spell library contained the following spells:

 Spells                   Type           Power      Damage    Failure   Level
 Apportation              Tloc           2%         N/A       19%         1
 Magic Dart               Conj           4%         1d3       19%         1
 Necrotise                Necr           4%         1d4       19%         1
 Sting                    Conj/Alch      4%         1d3       19%         1
 Blink                    Tloc           2%         N/A       26%         2
 Mercury Vapours          Alch/Air       2%         N/A       26%         2
 Summon Lightning Spire   Summ/Air       17%        N/A       28%         4
 Mephitic Cloud           Conj/Alch/Air  1%         N/A       47%         3
 Freezing Cloud           Conj/Ice/Air   0%         6-21      99%         5


Dungeon Overview and Level Annotations

Branches:
Dungeon (7/15)             Temple (0/1) D:4

Altars:
Dithmenos
Elyvilon
Nemelex Xobeh
Okawaru
Qazlal
Uskayaw
Vehumet

Shops:
D:5 *   D:6 (

Annotations:
D:7 Joseph


Innate Abilities, Weirdness & Mutations

You are amphibious.
You cover ground slowly.
You can hop short distances.
You have an extended range of vision and can be seen from far away.


Message History

Unknown command.
You closely miss the orc wizard.
The orc wizard is almost dead.
You kill the orc wizard!
Your inugami hits the orc.
Your cerulean imp hits the orc from afar with a -1 spear.
The orc dies!
Unknown command.
Unknown command.
Okay, then.
Unknown command.
Unknown command.
Aiming: Quicksilver Bolt
Press: ? - help, Shift-Dir - straight line, f - Joseph
Aim: Joseph, wielding a +0 quarterstaff and wearing a +0 ring mail (75% to hit)
The bolt of dispelling energy hits Joseph!
Joseph is lightly wounded.
Joseph unwields a +0 quarterstaff.
Joseph wields a +0 sling.
Joseph shoots a sling bullet.
The sling bullet hits you!
Unknown command.
Joseph shoots a sling bullet.
The sling bullet hits you!!
Your cerulean imp closely misses Joseph.
Things that are here:
a +0 hand axe; a +0 dagger; a +0 robe Your inugami barely misses your cerulean imp.
Joseph says, "You will never get the ORB, sorry."
Joseph unwields a +0 sling.
Joseph wields a +0 quarterstaff.
Joseph hits you with a +0 quarterstaff!
* * * LOW HITPOINT WARNING * * *
Your cerulean imp hits Joseph from afar with a -1 spear.
Unknown command.
Unknown command.
Aiming: Quicksilver Bolt
Press: ? - help, Shift-Dir - straight line, f/p - Joseph
Aim: Joseph, wielding a +0 quarterstaff and wearing a +0 ring mail (lightly wounded, ally target, 75% to hit)
The bolt of dispelling energy misses Joseph.
Your inugami hits you.
* * * LOW HITPOINT WARNING * * *
Joseph hits you with a +0 quarterstaff!
You die...

#####.##...........#
#.......<#########.#
#.###.##.# ##'## #.##.##
##...##
#.....######.....##
##......[.#.......#
.##.####.5..###[.........
.......@h..).............
.#####@)...##..........
#.#.#.##.#^......#
#.###.##.##.....## #.#
#.##.###...## #.. .....#
##'## ### #.#### #.# #.#
#.# #.# #####.## #
#......###


You could see Joseph (ally target), a friendly cerulean imp (summoned) and a
friendly inugami (summoned, confused).

Vanquished Creatures
  A water moccasin (D:6)
  A black bear (D:6)
  An ice beast (D:5)
  A wight (D:7)
  A bombardier beetle (D:5)
  A sleepcap (D:5)
  An orc priest (D:5)
  2 iguanas
  An orc wizard (D:7)
  3 adders
  2 ufetubi (D:5)
  3 ribbon worms
  A dart slug (D:4)
  5 orcs
  An endoplasm (D:2)
  A giant cockroach (D:4)
  4 goblins
  2 hobgoblins
  A jackal (D:4)
  A kobold (D:1)
  3 quokkas
  2 ball pythons
  2 bats (D:3)
  A frilled lizard (D:1)
42 creatures vanquished.

Vanquished Creatures (collateral kills)
  A steam dragon (D:6)
  A sky beast (D:4)
  A bullfrog (D:6)
  A wight (D:7)
  2 jellies
  A hound (D:6)
  4 adders
  A shadow imp (D:7)
  3 orcs
  4 endoplasms
  A giant cockroach (D:1)
  3 goblins
  2 hobgoblins (D:1)
  5 jackals
  2 kobolds
  A ball python (D:2)
  A bat (D:1)
  2 frilled lizards
  4 rats
40 creatures vanquished.

Grand Total: 82 creatures vanquished

Notes
Turn   | Place    | Note
-------+----------+-------------------------------------------
     0 | D:1      | jestert79 the Barachi Summoner began the quest for the Orb.
     0 | D:1      | Reached XP level 1. HP: 13/13 MP: 3/3
   293 | D:1      | Reached skill level 5 in Summonings
   402 | D:1      | Reached XP level 2. HP: 17/19 MP: 0/5
   456 | D:1      | Learned a level 2 spell: Call Imp
  1637 | D:2      | Found a white marble altar of Elyvilon.
  1693 | D:2      | Reached XP level 3. HP: 24/24 MP: 3/6
  1697 | D:2      | Learned a level 3 spell: Call Canine Familiar
  2008 | D:2      | Found a faded altar of an unknown god.
  2243 | D:3      | Found a shadowy altar of Dithmenos.
  2587 | D:3      | Found an iron altar of Okawaru.
  3012 | D:4      | Reached XP level 4. HP: 30/30 MP: 4/7
  3096 | D:4      | Reached skill level 6 in Summonings
  3165 | D:4      | Found a staircase to the Ecumenical Temple.
  3316 | D:4      | Found a hide-covered altar of Uskayaw.
  3654 | D:4      | Found a stormy altar of Qazlal.
  3654 | D:4      | Noticed a sky beast
  3730 | D:4      | Found a sparkling altar of Nemelex Xobeh.
  4097 | D:4      | Killed a sky beast
  4098 | D:4      | Reached skill level 7 in Summonings
  4098 | D:4      | Reached XP level 5. HP: 35/35 MP: 2/8
  4157 | D:5      | Entered Level 5 of the Dungeon
  4161 | D:5      | Found Ea-nāṣir's Fine Metal Goods.
  4300 | D:5      | Reached XP level 6. HP: 38/42 MP: 6/9
  4354 | D:5      | Reached skill level 1 in Fighting
  4486 | D:6      | Reached skill level 1 in Short Blades
  4671 | D:6      | Noticed a black bear
  4680 | D:6      | Killed a black bear
  4721 | D:6      | Noticed a steam dragon
  4787 | D:5      | Reached skill level 8 in Summonings
  4893 | D:5      | Reached XP level 7. HP: 41/51 MP: 4/10
  5169 | D:5      | Found a radiant altar of Vehumet.
  6008 | D:6      | Learned a level 4 spell: Summon Blazeheart Golem
  6058 | D:6      | Found Ifequimy's Weapon Boutique.
  6149 | D:6      | Killed a steam dragon
  6150 | D:6      | Reached skill level 1 in Fire Magic
  6285 | D:6      | Reached XP level 8. HP: 18/60 MP: 6/11
  6915 | D:7      | Noticed Joseph
  6923 | D:7      | Slain by Joseph

Illustrated notes

Levels and vault maps discovered:
D:1:      heliophobic_arrival_dark_side_of_the_moon, layout_basic,
          serial_co_window_serial, co_window_cross_1, co_window_corner_a,
          co_window_paths_b, co_window_paths_a, co_window_paths_a,
          co_window_paths_c, co_window_cross_4, co_window_paths_c,
          co_window_cross_4, co_window_corner_b, co_window_of_opportunity_c,
          glass_columns_b, glass_columns_a, glass_columns_c, glass_columns_b,
          minmay_statues_item
D:2:      layout_rooms, basic_altar, shapermc_ecumenical_altar_mp_vishouse
D:3:      layout_basic, lemuel_crystal_altar,
          mainiacjoe_overflow_six_doors_small, serial_bayou_pond_d
D:4:      layout_loops_corners, nicolae_qazlal_beasts_of_the_sky,
          kennysheep_little_box, nicolae_uskayaw_dance_hall,
          minmay_temple_entry_from_below_a, minmay_fountain_box
D:5:      layout_gridville, lemuel_doored_altar, nicolae_ea-nasir_strikes_again,
          minmay_hedge_maze, minivault_19
D:6:      layout_basic, nicolae_overflow_hidden_temple, serial_shops,
          nicolae_shop_pleasant_corner_grove
D:7:      layout_loops_corners, st_stairs_10, minmay_guarded_unrand_finisher,
          uniq_joseph

Skill      XL: |  1  2  3  4  5  6  7  8 |
---------------+-------------------------+-----
Stealth        | 2 3 |  3.0
Summonings     | 5 7 8 |  8.9
Fighting       | 2 4 |  4.4
Short Blades   | 2 |  2.9
Dodging        | 3 4 |  4.7
Fire Magic     | 1 2 |  2.3
Spellcasting   | |  2.1

Action                     |  1- 3 |  4- 6 |  7- 9 || total
---------------------------+-------+-------+-------++-------
  Melee: Unarmed           |    19 |       |       ||    19
         Short sword       |    20 |       |       ||    20
         Whip              |     2 |       |       ||     2
         Dagger            |    30 |    72 |    49 ||   151
   Cast: Summon Small Mamm |    22 |     2 |     1 ||    25
         Call Imp          |    18 |    13 |    11 ||    42
         Call Canine Famil |     1 |     6 |    11 ||    18
  Evoke: Wand              |       |       |     4 ||     4
    Use: Scroll            |       |     3 |    11 ||    14
         Potion            |       |       |     1 ||     1
   Stab: Sleeping          |     1 |     2 |     1 ||     4
         Distracted        |       |     3 |     3 ||     6
 Armour: Robe              |    43 |    63 |    25 ||   131
  Dodge: Dodged            |    48 |    59 |    41 ||   148

Table legend: (Time is in decaauts)
 A = Elapsed time spent in this place.
 B = Non-inter-level travel time spent in this place.
 C = Inter-level travel time spent in this place.
 D = Time resting spent in this place.
 E = Time spent auto-exploring this place.
 F = Levels seen in this place.
 G = Mean time per level.
                   A        B        C        D        E       F      G
               +--------+--------+--------+--------+--------+-----+--------+
         Total |   7853 |   7430 |    423 |   1052 |   5130 |   7 | 1121.9 |
       Dungeon |   7853 |   7430 |    423 |   1052 |   5130 |   7 | 1121.9 |
               +--------+--------+--------+--------+--------+-----+--------+

Top non-repeatable levels by time:
     D:1: 1903 daAuts
     D:5: 1467 daAuts
     D:6: 1371 daAuts
     D:4: 1342 daAuts
     D:3: 870 daAuts
     D:2: 653 daAuts
     D:7: 245 daAuts
